 Dungeon Crawl Stone Soup version 0.24.0-1-gfbc8707122 (webtiles) character file.

Game seed: 6505592271873889385, levelgen mode: deterministic

15948 gohu the Cleaver (level 12, -1/106 HPs)
             Began as a Deep Dwarf Fighter on Oct 26, 2019.
             Was a High Priest of Makhleb.
             Slain by a spiny frog (15 damage)
             ... on level 1 of the Lair of Beasts.
             The game lasted 00:36:54 (9864 turns).

gohu the Cleaver (Deep Dwarf Fighter)               Turns: 9864, Time: 00:36:54

Health: -1/106     AC: 17    Str: 23    XL:     12   Next: 5%
Magic:  17/17      EV:  6    Int: 10    God:    Makhleb [*****.]
Gold:   796        SH: 17    Dex: 17    Spells: 11/11 levels left

rFire    . . .     SeeInvis +   a - +0 war axe
rCold    . . .     Gourm    +   y - +0 large shield
rNeg     . . .     Faith    .   M - +0 plate armour
rPois    .         Spirit   .   W - +0 helmet
rElec    .         Reflect  .   Q - scarf {cloud immunity}
rCorr    .         Harm     .   Y - +0 pair of gloves (curse)
MR       ++...                  g - +0 pair of boots
Stlth    ..........             J - amulet of the gourmand
HPRegen  0.00/turn              R - ring "Soggeaxt" {MR+ Dex+4}
MPRegen  0.15/turn              E - ring of see invisible

@: lethally poisoned (-1 -> -4), non-regenerating
A: damage resistance, heal wounds, sense surroundings 2, no regeneration
a: Heal Wounds, Minor Destruction, Lesser Servant of Makhleb, Major Destruction,
Greater Servant of Makhleb, Renounce Religion


You were on level 1 of the Lair of Beasts.
You worshipped Makhleb.
Makhleb was extremely pleased with you.
You were very full.

You visited 3 branches of the dungeon, and saw 13 of its levels.
You also visited: Sewer.

You collected 796 gold pieces.

Inventory:

Hand Weapons
 a - a +0 war axe (weapon)
 A - a +0 war axe
 T - a +0 scimitar of flaming
Missiles
 c - 4 silver boomerangs (quivered)
 L - 65 poisoned darts
Armour
 g - a +0 pair of boots (worn)
 y - a +0 large shield (worn)
 M - a +0 plate armour (worn)
 Q - a scarf of cloud immunity (worn)
 W - a +0 helmet (worn)
 Y - a cursed +0 pair of gloves (worn)
Jewellery
 j - an uncursed ring of positive energy
 w - an uncursed ring of ice
 B - an uncursed ring of ice
 E - a ring of see invisible (right hand)
 J - an amulet of the gourmand (around neck)
 R - the ring "Soggeaxt" (left hand) {MR+ Dex+4}
   (You found it on level 7 of the Dungeon)

   [ring of protection from magic]

   It affects your dexterity (+4).
   It affects your resistance to hostile enchantments.
 V - an uncursed ring of ice
Wands
 z - a wand of random effects (30)
 D - a wand of disintegration (5)
 N - a wand of enslavement (10)
 P - a wand of paralysis (16)
 S - a wand of polymorph (7)
Scrolls
 e - a scroll of identify
 h - 3 scrolls of enchant armour {unknown}
 i - 4 scrolls of remove curse
 m - a scroll of immolation
 p - a scroll of amnesia
 q - 5 scrolls of blinking {unknown}
 s - a scroll of fog
 t - 3 scrolls of magic mapping {unknown}
 u - 7 scrolls of teleportation {unknown}
 C - 3 scrolls of enchant weapon {unknown}
 G - a scroll of noise
Potions
 d - 2 potions of might
 k - 4 potions of magic {unknown}
 l - 6 potions of heal wounds
 n - 6 potions of degeneration {unknown}
 o - a potion of berserk rage
 r - 3 potions of brilliance {unknown}
 v - 2 potions of curing
 x - a potion of invisibility
 H - a potion of agility
 I - 3 potions of haste {unknown}
 K - 2 potions of lignification
Comestibles
 f - 20 rations


   Skills:
 + Level 6.3 Fighting
 * Level 13.6 Axes
 + Level 7.8 Armour
 + Level 4.3 Dodging
 + Level 9.1 Shields
 * Level 8.3 Invocations
 * Level 10.0 Evocations


You had 11 spell levels left.
You didn't know any spells.
Your spell library contained the following spells:

 Spells                   Type           Power        Failure   Level  Hunger
 Corona                   Hex            #......      100%        1    ##.....
 Shock                    Conj/Air       #...         100%        1    ##.....
 Summon Butterflies       Summ           #.......     100%        1    ##.....
 Ensorcelled Hibernation  Hex/Ice        #.....       100%        2    ###....
 Swiftness                Chrm/Air       #.......     100%        2    ###....
 Call Canine Familiar     Summ           #.......     100%        3    ####...
 Confuse                  Hex            #.......     100%        3    ####...
 Dazzling Spray           Conj/Hex       #.....       100%        3    ####...
 Static Discharge         Conj/Air       #.......     100%        3    ####...
 Tukima's Dance           Hex            #.......     100%        3    ####...
 Airstrike                Air            #.........   100%        4    #####..
 Summon Ice Beast         Ice/Summ       #.......     100%        4    #####..
 Lightning Bolt           Conj/Air       #.........   100%        5    ######.
 Summon Mana Viper        Hex/Summ       #.......     100%        5    ######.
 Summon Hydra             Summ           #.........   100%        7    #######


Dungeon Overview and Level Annotations

Branches:
Dungeon (11/15)            Temple (1/1) D:6            Lair (1/6) D:11
  Sewer (visited)
    Orc: D:9-12

Altars:
Cheibriados
Dithmenos
Elyvilon
Fedhas
Hepliaklqana
Kikubaaqudgha
Makhleb
Nemelex Xobeh
Okawaru
Qazlal
Ru
Sif Muna
Uskayaw
Vehumet
Wu Jian
Xom
Yredelemnul
Zin

Shops:
D:8 %

Annotations:
D:4 3 runed translucent doors, Mesmaeker13's ghost, amateur DgSk
D:9 1 runed translucent door, Hotior's ghost, journeyman FoFi


Innate Abilities, Weirdness & Mutations

You are resistant to damage.
You can heal yourself by infusing magical energy.
You passively map the area around you.
You do not regenerate.


Message History

The spiny frog stings you.
You closely miss the spiny frog.
The spiny frog is moderately wounded.
You hit the spiny frog but do no damage.
You completely miss the spiny frog.
The spiny frog stings you but does no damage.
You block the spiny frog's attack. x2
You hit the spiny frog but do no damage.
The spiny frog is moderately wounded.
You hit the spiny frog but do no damage.
You hit the spiny frog. The spiny frog stings you!!
* * * LOW HITPOINT WARNING * * *
You are more poisoned.
The spiny frog poisons you! The spiny frog barely misses you.
The spiny frog stings you but does no damage.
You hit the spiny frog but do no damage.
The spiny frog is moderately wounded.
You slash the spiny frog! You hit the spiny frog.
You feel sick.
You block the spiny frog's attack. x2; The spiny frog stings you!
You die...

** * *
.........*≈#.#
* ,
,.......##≈#..
, ,
........≈... *
, *.......≈. ,
, , , ,
#......≈ , ,, ,
, #.....# , * ,
#.#FF# , ,*
#†F@.# , , **
#.....# ,, , ,
#......... ,,,
, ............,
,
#........./..?.
, ,
###..._........
, ,, *,**
##.........$. *
#........... ,
* , * , ,* *
,,, ,


You could see 3 spiny frogs.

Vanquished Creatures
  A two-headed ogre (D:9)
  Erica (D:8)
  2 skeletal warriors
  An oklob plant (D:11)
  An ugly thing (D:11)
  2 centaur skeletons
  A spiny frog (Lair:1)
  A gargoyle (D:11)
  4 trolls
  Prince Ribbit (D:5)
  3 hippogriffs
  5 yaks
  2 wyverns
  3 hogs (D:10)
  A hungry ghost (D:11)
  A human (D:10)
  10 orc warriors
  A black bear (D:11)
  6 ice beasts
  4 sky beasts
  3 ogres
  4 centaurs
  6 bullfrogs
  5 scorpions
  3 killer bees (D:9)
  3 wights (D:10)
  3 howler monkeys (D:9)
  8 crimson imps
  2 bullfrog zombies
  10 hounds
  A quasit (D:7)
  11 orc priests
  3 jellies
  5 orc wizards
  An iguana (D:7)
  9 worker ants
  A hound zombie (D:10)
  2 hound skeletons
  9 gnolls
  10 adders
  2 river rats (Sewer)
  4 shadow imps
  A white imp (D:4)
  An ooze (D:2)
  4 worms
  2 adder skeletons
  2 dart slugs (D:2)
  9 leopard geckos
  65 orcs
  5 bats
  12 giant cockroaches
  4 goblins
  9 hobgoblins
  17 jackals
  5 quokkas
  5 ball pythons
  11 frilled lizards
  A jackal skeleton (D:4)
  8 kobolds
  A quokka skeleton (D:4)
  10 rats
  A spectral orc (D:7)
  A bush (D:1)
  A plant (D:1)
331 creatures vanquished.

Vanquished Creatures (collateral kills)
  Fannar (D:11)
  2 orc warriors (D:9)
  An ogre (D:9)
  2 killer bees (D:9)
  A hound (D:11)
  2 orc priests (D:9)
  2 orc wizards (D:9)
  A worker ant (D:11)
  An adder (D:9)
  An orc (D:11)
14 creatures vanquished.

Vanquished Creatures (others)
  4 plants (D:11)
4 creatures vanquished.

Grand Total: 349 creatures vanquished

Notes
Turn   | Place    | Note
-------+----------+-------------------------------------------
     0 | D:1      | gohu the Deep Dwarf Fighter began the quest for the Orb.
     0 | D:1      | Reached XP level 1. HP: 20/20 MP: 1/1
   285 | D:1      | Reached XP level 2. HP: 21/27 MP: 2/2
  1125 | D:2      | Reached XP level 3. HP: 25/33 MP: 3/3
  1169 | D:2      | Reached skill level 3 in Axes
  1260 | D:2      | Reached XP level 4. HP: 28/40 MP: 4/4
  1827 | D:3      | Reached skill level 4 in Axes
  1903 | D:3      | Found a glowing drain.
  1915 | D:3      | Reached XP level 5. HP: 34/48 MP: 4/4
  1927 | Sewer    | Entered a sewer
  2837 | D:3      | Reached skill level 5 in Axes
  2837 | D:3      | Reached skill level 1 in Dodging
  2852 | D:3      | Reached XP level 6. HP: 49/56 MP: 5/5
  3299 | D:4      | Found a runed translucent gate.
  3299 | D:4      | Found a runed translucent gate.
  3300 | D:4      | Found a runed translucent gate.
  3300 | D:4      | Noticed Mesmaeker13's ghost (amateur DgSk)
  4169 | D:5      | Entered Level 5 of the Dungeon
  4175 | D:5      | Reached skill level 6 in Axes
  4175 | D:5      | Reached skill level 1 in Evocations
  4210 | D:5      | Reached XP level 7. HP: 28/62 MP: 5/7
  4227 | D:5      | Found a blossoming altar of Fedhas.
  4255 | D:5      | Found a sparkling altar of Nemelex Xobeh.
  4510 | D:5      | Reached skill level 7 in Axes
  4531 | D:5      | Found a stormy altar of Qazlal.
  4573 | D:5      | Noticed Prince Ribbit
  4601 | D:5      | Killed Prince Ribbit
  4601 | D:5      | Reached skill level 5 in Shields
  4770 | D:6      | Found a staircase to the Ecumenical Temple.
  4782 | Temple   | Entered the Ecumenical Temple
  4790 | Temple   | Reached XP level 8. HP: 50/69 MP: 8/8
  4798 | Temple   | Reached skill level 5 in Armour
  4941 | Temple   | Became a worshipper of Makhleb the Destroyer
  5174 | D:7      | Found a sacrificial altar of Ru.
  5242 | D:6      | Reached skill level 8 in Axes
  5672 | D:7      | Noticed a hippogriff
  5685 | D:7      | Killed a hippogriff
  5742 | D:7      | Reached skill level 9 in Axes
  5905 | D:7      | Reached * piety under Makhleb
  5961 | D:7      | Got a vibrating lapis lazuli ring
  5974 | D:7      | Identified the ring "Soggeaxt" {MR+ Dex+4} (You found it on
                  | level 7 of the Dungeon)
  5996 | D:7      | Gained mutation: You passively map the area around you.
                  | [Deep Dwarf growth]
  5996 | D:7      | Reached XP level 9. HP: 55/78 MP: 10/10
  6003 | D:7      | Found a basalt altar of Yredelemnul.
  6078 | D:7      | Reached skill level 5 in Evocations
  6119 | D:7      | Found a shimmering altar of Xom.
  6553 | D:7      | Reached skill level 5 in Fighting
  6553 | D:7      | Reached skill level 11 in Axes
  6553 | D:7      | Reached XP level 10. HP: 71/88 MP: 10/14
  6780 | D:8      | Found a sacrificial altar of Ru.
  6801 | D:8      | Noticed Erica
  6814 | D:8      | Killed Erica
  6856 | D:8      | Reached ** piety under Makhleb
  6933 | D:8      | Found Xutsint's Food Boutique.
  7628 | D:9      | Noticed a two-headed ogre
  7630 | D:9      | Killed a two-headed ogre
  7630 | D:9      | Reached skill level 12 in Axes
  7658 | D:9      | Reached XP level 11. HP: 68/96 MP: 15/15
  7755 | D:9      | Reached *** piety under Makhleb
  7871 | D:9      | Found a runed translucent door.
  7871 | D:9      | Noticed Hotior's ghost (journeyman FoFi)
  7940 | D:9      | Found a snail-covered altar of Cheibriados.
  8345 | D:10     | Entered Level 10 of the Dungeon
  8748 | D:10     | Reached **** piety under Makhleb
  9274 | D:11     | Reached skill level 13 in Axes
  9310 | D:11     | Noticed a green ugly thing
  9336 | D:11     | Reached ***** piety under Makhleb
  9345 | D:11     | Killed a green ugly thing
  9363 | D:11     | Noticed an oklob plant
  9432 | D:11     | Noticed Fannar
  9446 | D:11     | Killed Fannar
  9546 | D:11     | Found a staircase to the Lair.
  9632 | D:11     | Noticed a skeletal warrior
  9632 | D:11     | Noticed a skeletal warrior
  9632 | D:11     | Noticed a skeletal warrior
  9659 | D:10     | Killed a skeletal warrior
  9732 | D:11     | Killed an oklob plant
  9802 | D:11     | Killed a skeletal warrior
  9802 | D:11     | Reached skill level 10 in Evocations
  9802 | D:11     | Reached XP level 12. HP: 53/106 MP: 17/17
  9826 | Lair:1   | Entered Level 1 of the Lair of Beasts
  9826 | Lair:1   | Found a stormy altar of Qazlal.
  9864 | Lair:1   | Slain by a spiny frog

Levels and vault maps discovered:
D:1:      saegor_arrival_simple_e, layout_loops_corners, serial_forest,
          infiniplex_forest_lined_room_2, infiniplex_forest_clump_long,
          infiniplex_forest_straight_2, infiniplex_forest_zigzag_2,
          infiniplex_forest_straight_2, infiniplex_forest_corner_1,
          infiniplex_forest_clump_double, infiniplex_forest_lined_2,
          infiniplex_forest_clump_curved, infiniplex_forest_clump_long
D:2:      layout_loops_ring, first_ration, minivault_11
D:3:      layout_loops_ring, gup_sewer_entry_pipe
D:4:      layout_basic, gammafunk_ghost_nasty_kobolds, minmay_fire_ice_demons
D:5:      layout_cave_pools, grunt_temple_overflow_forces_of_nature,
          old_standard_altar, uniq_prince_ribbit1
D:6:      kennysheep_six_static_rooms, layout_basic,
          minmay_temple_entry_drinking_statues
D:7:      layout_basic, yredelemnul_forgotten_temple_becter, tgw_xom,
          basic_altar, st_stairs_8
D:8:      layout_cave_pods, nicolae_ru_sacrificial_ziggurat, special_room
          [special_room_orc], serial_shops, nicolae_shop_statue_plus, uniq_erica
D:9:      layout_irregular_city, overflow_temple_1_default,
          hellmonk_ghost_happy_afterlife
D:10:     layout_basic, grunt_livestock
D:11:     layout_roguey [special_room_orc], dpeg_oklobed_lair, uniq_fannar
Temple:   regret_index_temple_generic_petals
Lair:1:   layout_misc_corridors, gammafunk_ghost_berserking_beasts, basic_altar,
          chequers_serial_rivers_micro_a, st_stairs_8, uniq_sonja

Skill      XL: |  1  2  3  4  5  6  7  8  9 10 11 |
---------------+----------------------------------+-----
Axes           | 3 4 5 6 7 9 11 12 13 | 13.6
Shields        | 4 5 7 9 |  9.1
Armour         | 4 5 6 7 |  7.8
Fighting       | 3 4 5 6 |  6.3
Dodging        | 1 2 4 |  4.3
Evocations     | 1 3 4 8 9 10 | 10.0
Invocations    | 6 8 |  8.3

Action                   |  1- 3 |  4- 6 |  7- 9 | 10-12 || total
-------------------------+-------+-------+-------+-------++-------
Melee: War axe           |   143 |   326 |   279 |   680 ||  1428
Throw: Stone             |    11 |    61 |     2 |       ||    74
       Boomerang         |       |       |       |     4 ||     4
Invok: Lesser Servant of |       |       |       |     3 ||     3
 Abil: Heal Wounds       |       |     3 |     4 |     4 ||    11
Evoke: Wand              |       |       |    13 |    10 ||    23
  Use: Potion            |       |     1 |     2 |     1 ||     4
       Scroll            |       |       |     6 |     5 ||    11
 Stab: Paralysed         |       |       |       |     6 ||     6
  Eat: Chunk             |     2 |     9 |     6 |    31 ||    48
       Ration            |       |       |     1 |       ||     1
Armor: Scale mail        |    45 |   123 |       |       ||   168
       Chain mail        |       |    12 |   125 |    29 ||   166
       Plate armour      |       |       |       |   167 ||   167
Dodge: Dodged            |    43 |    76 |    88 |   106 ||   313
Block: Shield            |    58 |   160 |   165 |    60 ||   443
       Large shield      |       |       |       |   424 ||   424
